 Dungeon Crawl Stone Soup version 0.31-a0-263-ge8cad7f256 (webtiles) character file.

Game seed: 15415268988913969506

837 pascalblue the Firebug (level 7, -1/36 HPs)
             Began as a Deep Elf Fire Elementalist on July 13, 2023.
             Was an Initiate of Sif Muna.
             Asphyxiated
             ... on level 5 of the Dungeon.
             The game lasted 00:16:26 (4125 turns).

pascalblue the Firebug (Deep Elf Fire Elementalist) Turns: 4125, Time: 00:16:28

Health: -1/36      AC:  4    Str:  5    XL:     7   Next: 66%
Magic:  14/17      EV: 12    Int: 22    God:    Sif Muna [......]
Gold:   297        SH:  0    Dex: 15    Spells: 4/17 levels left

rFire   . . .        m - staff of conjuration
rCold   + . .        (no shield)
rNeg    . . .        a - +2 robe
rPois   .            (no helmet)
rElec   .            (no cloak)
rCorr   .            (no gloves)
SInv    .            (no boots)
Will    .....        (no amulet)
Stlth   ++           g - ring of protection from cold
HPRegen 0.26/turn    (no ring)
MPRegen 0.15/turn

%: no passive effects
@: lethally poisoned (-1 -> -36), slowed, very slow
A: no striking features
a: Renounce Religion


You were on level 5 of the Dungeon.
You worshipped Sif Muna.
Sif Muna was noncommittal.
You visited 2 branches of the dungeon, and saw 6 of its levels.

You collected 297 gold pieces.

Inventory:

Hand Weapons
 f - a +0 dagger
Armour
 a - a +2 robe (worn)
 u - +0 acid dragon scales
Magical Staves
 m - a staff of conjuration (weapon)
Jewellery
 g - a ring of protection from cold (left hand)
 t - an amulet of guardian spirit
Talismans
 e - a talisman of death
 q - a beast talisman
 v - a beast talisman
Scrolls
 d - 2 scrolls of enchant weapon
 i - 3 scrolls of identify
 n - 3 scrolls of teleportation
 p - 2 scrolls of silence {unknown}
 r - a scroll of revelation {unknown}
 s - a scroll of noise {unknown}
Potions
 b - a potion of magic
 c - a potion of invisibility
 h - a potion of lignification {unknown}
 j - a potion of ambrosia
 l - 2 potions of degeneration
 o - a potion of mutation {unknown}


   Skills:
 - Level 2.4 Dodging
 - Level 2.4 Stealth
 + Level 5.7 Spellcasting
 + Level 4.4 Conjurations
 + Level 3.6 Hexes
 + Level 2.9 Translocations
 * Level 6.5 Fire Magic


You had 4 spell levels left.
You knew the following spells:

 Your Spells              Type           Power      Damage    Failure   Level
a - Foxfire               Conj/Fire      100%       2x1d9     1%          1
b - Scorch                Fire           70%        2d8       1%          2
c - Inner Flame           Hex/Fire       28%        N/A       3%          3
d - Volatile Blastmotes   Fire/Tloc      54%        2d14      4%          3
e - Flame Wave            Conj/Fire      45%        2d12      10%         4

Your spell library contained the following spells:

 Spells                   Type           Power      Damage    Failure   Level


Dungeon Overview and Level Annotations

Branches:
Dungeon (5/15)             Temple (1/1) D:4

Altars:
Ashenzari
Cheibriados
Dithmenos
Elyvilon
Fedhas
Gozag
Hepliaklqana
Makhleb
Nemelex Xobeh
Okawaru
Ru
Sif Muna
Uskayaw
Wu Jian
Xom
Zin


Message History

You start resting.
Magic restored.
You now have 297 gold pieces (gained 11).
You already know all available spells.
The kobold brigand shouts!
The kobold brigand throws a curare-tipped dart.
The curare-tipped dart hits you.
You are poisoned.
You have difficulty breathing.
You feel yourself slow down.
Casting: Foxfire (safe; 1% risk of failure)
Confirm with . or Enter, or press ? or * to list all spells.
You feel a surge of power!
You conjure some foxfire!
You feel very sick.
The kobold brigand throws a curare-tipped dart.
The curare-tipped dart hits you.
You are more poisoned.
You have difficulty breathing.
You feel as though you will be slow longer.
Casting: Foxfire (safe; 1% risk of failure)
Confirm with . or Enter, or press ? or * to list all spells.
You feel a surge of power!
You conjure some foxfire!
You feel extremely sick.
The foxfire hits the kobold brigand.
The kobold brigand is lightly wounded.
The foxfire hits the kobold brigand.
The kobold brigand is moderately wounded.
Casting: Foxfire (safe; 1% risk of failure)
Confirm with . or Enter, or press ? or * to list all spells.
You feel a surge of power!
You conjure some foxfire!
* * * LOW HITPOINT WARNING * * *
You feel very sick.
The foxfire hits the kobold brigand but does no damage.
The kobold brigand is moderately wounded.
The foxfire hits the kobold brigand.
The kobold brigand is moderately wounded.
The kobold brigand throws a curare-tipped dart.
The curare-tipped dart hits you.
You are more poisoned.
You have difficulty breathing.
You die...

#.#########.......####.....#
#...................###..###
##.###............####.....#
#..# #......####### ###..###
...## #....†.# #.....# #.###
##.###.# ###..## # #.###.#
#_....##
###...v§##########8..8##
.....§v@§.........#.....
##...§§§###########.....
#...§§§# ##.... ##.§.§##
#.... #.§K§. #.... ≈......
#...( ~#..... #.... ##....
#####


You could see a kobold brigand (ally target).

Vanquished Creatures
  Grinder (D:4)
  Menkaure (D:5)
  An acid dragon (D:5)
  A gnoll sergeant (D:5)
  A howler monkey (D:4)
  A hound (D:5)
  A jelly (D:5)
  An orc priest (D:4)
  An iguana (D:5)
  An orc wizard (D:3)
  8 adders
  2 worms
  4 dart slugs
  10 orcs
  5 endoplasms
  3 giant cockroaches
  7 goblins
  8 hobgoblins
  3 jackals (D:2)
  4 quokkas
  5 ball pythons
  8 bats
  6 frilled lizards
  3 kobolds
  5 rats
91 creatures vanquished.

Vanquished Creatures (others)
  278 foxfires
278 creatures vanquished.

Grand Total: 369 creatures vanquished

Notes
Turn   | Place    | Note
-------+----------+-------------------------------------------
     0 | D:1      | pascalblue the Deep Elf Fire Elementalist began the quest
                  | for the Orb.
     0 | D:1      | Reached XP level 1. HP: 10/10 MP: 6/6
   431 | D:1      | Reached XP level 2. HP: 15/15 MP: 5/8
  1036 | D:2      | Found a hide-covered altar of Uskayaw.
  1045 | D:2      | Reached skill level 4 in Fire Magic
  1168 | D:2      | Reached XP level 3. HP: 18/19 MP: 6/10
  2011 | D:3      | Reached XP level 4. HP: 18/24 MP: 5/11
  2077 | D:3      | Learned a level 2 spell: Scorch
  2081 | D:3      | Learned a level 3 spell: Inner Flame
  2085 | D:3      | Learned a level 3 spell: Volatile Blastmotes
  2334 | D:3      | Found a shadowy altar of Dithmenos.
  2508 | D:4      | Reached XP level 5. HP: 28/28 MP: 9/13
  2558 | D:4      | Reached skill level 1 in Hexes
  2705 | D:4      | Noticed Grinder
  2718 | D:4      | Paralysed by Grinder for 2 turns
  2722 | D:4      | Killed Grinder
  2723 | D:4      | Reached skill level 1 in Translocations
  2723 | D:4      | Reached skill level 5 in Fire Magic
  2723 | D:4      | Reached XP level 6. HP: 32/32 MP: 6/15
  2736 | D:4      | Learned a level 4 spell: Flame Wave
  2826 | D:4      | Found an opulent altar of Gozag.
  2827 | D:4      | Found a glowing silver altar of Zin.
  2884 | D:4      | Found a staircase to the Ecumenical Temple.
  2894 | Temple   | Entered the Ecumenical Temple
  2894 | Temple   | Found a transporter.
  2894 | Temple   | Found a transporter.
  2898 | Temple   | Found a transporter.
  2898 | Temple   | Found a transporter.
  3139 | D:4      | Reached skill level 5 in Spellcasting
  3495 | D:4      | Found a sacrificial altar of Ru.
  3495 | D:4      | Found a burning altar of Makhleb.
  3560 | D:5      | Entered Level 5 of the Dungeon
  3590 | D:5      | Noticed an acid dragon
  3598 | D:5      | Killed an acid dragon
  3599 | D:5      | Reached XP level 7. HP: 19/36 MP: 7/16
  3688 | D:5      | Reached skill level 6 in Fire Magic
  3792 | D:5      | HP: 1/36 [orc warrior/+0 glaive (16)]
  3910 | D:5      | Found a hazy altar of Hepliaklqana.
  3920 | D:5      | Found a shimmering blue altar of Sif Muna.
  3924 | D:5      | Found an iron altar of Okawaru.
  3929 | D:5      | Became a worshipper of Sif Muna the Loreminder
  4056 | D:5      | Noticed Menkaure
  4062 | D:5      | Killed Menkaure
  4125 | D:5      | Asphyxiated

Illustrated notes

Levels and vault maps discovered:
D:1:      nzn_arrival_settlement, layout_loops_corners
D:2:      layout_basic, basic_altar
D:3:      cheibrodos_old_hovel, layout_rooms, lemuel_crystal_altar
D:4:      layout_gridville, grunt_temple_overflow_gold_and_silver,
          amethyst_overflow_temple_binary, minmay_temple_entry_nine_rooms,
          uniq_grinder
D:5:      wad_lake_hut, layout_basic, minitemple, minmay_manual_mandibuliform,
          uniq_menkaure
Temple:   hellmonk_temple_divided_pantheon

Skill      XL: |  1  2  3  4  5  6  7 |
---------------+----------------------+-----
Fire Magic     | 4 5 6 |  6.5
Conjurations   | 2 3 4 |  4.4
Spellcasting   | 4 5 |  5.7
Hexes          | 2 3 |  3.6
Translocations | 1 2 |  2.9
Dodging        | |  2.4
Stealth        | |  2.4

Action                     |  1- 3 |  4- 6 |  7- 9 || total
---------------------------+-------+-------+-------++-------
  Melee: Dagger            |    12 |       |       ||    12
         Unarmed           |     1 |       |       ||     1
         Staff             |       |     1 |       ||     1
   Cast: Foxfire           |    73 |    58 |    34 ||   165
         Scorch            |       |     6 |     4 ||    10
    Use: Scroll            |     3 |     7 |     1 ||    11
         Potion            |       |       |     5 ||     5
 Armour: Robe              |    18 |     3 |       ||    21
  Dodge: Dodged            |    44 |    17 |    10 ||    71

Table legend: (Time is in decaauts)
 A = Elapsed time spent in this place.
 B = Non-inter-level travel time spent in this place.
 C = Inter-level travel time spent in this place.
 D = Time resting spent in this place.
 E = Time spent auto-exploring this place.
 F = Levels seen in this place.
 G = Mean time per level.
                   A        B        C        D        E       F      G
               +--------+--------+--------+--------+--------+-----+--------+
         Total |   4128 |   4078 |     50 |    187 |   2835 |   6 |  688.0 |
       Dungeon |   4044 |   3994 |     50 |    187 |   2826 |   5 |  808.8 |
        Temple |     84 |     84 |      0 |      0 |      9 |   1 |   84.0 |
               +--------+--------+--------+--------+--------+-----+--------+

Top non-repeatable levels by time:
     D:1: 1004 daAuts
     D:4: 974 daAuts
     D:3: 773 daAuts
     D:2: 721 daAuts
     D:5: 570 daAuts
  Temple: 84 daAuts
